 Dungeon Crawl Stone Soup version 0.28-a0-268-g3f656e82c2 (console) character file.

Game seed: 2925954555680022604

571 FIQ the Magician (level 7, 0/45 HPs)
             Began as a Djinni Fire Elementalist on Aug 28, 2021.
             Was an Initiate of Ru.
             Killed by nerve-wracking pain
             ... invoked by a shadow imp
             ... summoned by Loefaen's ghost
              (13 damage)
             ... on level 4 of the Dungeon.
             The game lasted 00:06:15 (6006 turns).

FIQ the Magician (Djinni Fire Elementalist)         Turns: 6006, Time: 00:06:15

Health: 0/45       AC:  4    Str:  7    XL:     7   Next: 60%
Gold:   156        EV: 12    Int: 19    God:    Ru [......] SH:  0 Dex: 13

rFire   + + .      SeeInvis .   k - +0 mace (protect)
rCold   x . .      Faith    .   (no shield)
rNeg    . . .      Spirit   .   a - +0 robe
rPois   ∞          Reflect  .   (no helmet)
rElec   .          Harm     .   l - +1 cloak
rCorr   .          Rampage  .   (no gloves)
Will    .....                   (boots unavailable)
Stlth   ++........              (no amulet)
HPRegen 0.15/turn               (no ring)
MPRegen 0.00/turn               (no ring)

@: flying
A: sickness immunity, fire resistance 2, cold vulnerability 1, float, innate
caster, hp casting, extra vitality 1
a: Renounce Religion


You were on level 4 of the Dungeon.
You worshipped Ru.
Ru was noncommittal.
You visited 2 branches of the dungeon, and saw 6 of its levels.

You collected 156 gold pieces.

Inventory:

Hand Weapons
 k - a +0 mace of protection (weapon)
Armour
 a - a +0 robe (worn)
 l - a +1 cloak (worn)
Jewellery
 b - an amulet of reflection
 t - a +4 ring of protection
Scrolls
 c - 4 scrolls of enchant armour
 f - 2 scrolls of immolation
 g - 2 scrolls of identify
 s - a scroll of enchant weapon {unknown}
Potions
 d - 2 potions of lignification
 e - a potion of attraction
 h - a potion of mutation {unknown}
 i - a potion of heal wounds {unknown}
 j - a potion of magic {unknown}
 m - a potion of flight
 n - a potion of degeneration {unknown}
 o - a potion of ambrosia {unknown}
 p - 2 potions of cancellation {unknown}
 q - a potion of might {unknown}
 r - 3 potions of haste {unknown}


   Skills:
 - Level 2.1 Dodging
 - Level 1.5 Stealth
 + Level 6.3 Spellcasting


You couldn't memorise any spells.
You knew the following spells:

 Your Spells              Type           Power      Damage    Failure   Level
a - Foxfire               Conj/Fire      100%       2x1d9     1%          1
b - Conjure Flame         Conj/Fire      30%        6-21      2%          3
c - Inner Flame           Hex/Fire       30%        N/A       2%          3
d - Sticky Flame          Conj/Fire      30%        2d5       8%          4
e - Fireball              Conj/Fire      15%        3d8       22%         5
f - Apportation           Tloc           60%        N/A       1%          1
g - Passwall              Tmut/Erth      25%        N/A       1%          2
h - Portal Projectile     Hex/Tloc       60%        N/A       2%          3
Your spell library was empty.

Dungeon Overview and Level Annotations

Branches:
Dungeon (5/15)             Temple (1/1) D:4

Altars:
Ashenzari
Cheibriados
Dithmenos
Elyvilon
Gozag
Hepliaklqana
Nemelex Xobeh
Okawaru
Qazlal
Ru
Sif Muna
Vehumet
Wu Jian
Xom

Annotations:
D:4 Loefaen's ghost, amateur TeSu


Innate Abilities, Weirdness & Mutations

You are immune to sickness and miasma.
You are immune to poison.
Your flesh is very heat resistant. (rF++)
You are vulnerable to cold. (rC-)
You float through the air rather than walking.
You learn spells naturally, not from books.
Your magical power is your life essence.
You have superior vitality. (+4 HP)


Message History

The foxfire hits the bat.
The bat is moderately wounded.
The foxfire hits the bat.
You kill the bat!
The bat's corpse disappears in a puff of smoke!
Loefaen's ghost barely misses you. Loefaen's ghost closely misses you.
Loefaen's ghost gestures wildly while chanting.
Your magical contamination has completely faded away.
You conjure some foxfire!
The river rat bites you.
You closely miss the river rat.
The foxfire hits the river rat.
The river rat is lightly wounded.
The foxfire hits the river rat but does no damage.
The river rat is lightly wounded.
The river rat bites you.
You conjure some foxfire!
The river rat bites you.
You hit the river rat but do no damage.
Your weapon exudes an aura of protection.
The river rat is lightly wounded.
The foxfire hits the river rat.
The river rat is severely wounded.
The foxfire hits the river rat.
You kill the river rat!
The river rat's corpse disappears in a puff of smoke!
Loefaen's ghost casts a spell.
You conjure some foxfire!
The bat hits you but does no damage.
The foxfire hits the bat.
You kill the bat!
The bat's corpse disappears in a puff of smoke!
The shadow imp gestures at you. Pain shoots through your body!
* * * LOW HITPOINT WARNING * * *
The shadow imp hits you but does no damage.
The foxfire hits the shadow imp.
The shadow imp is moderately wounded.
Press: ? - help, v - describe, . - travel
Here: a shadow imp (moderately wounded, summoned)
The floor.
The shadow imp gestures at you. Pain shoots through your body!
You die...

#.#........##.######.#
#...#'#..####........#
##..##.##......###...##
#..##...##.....###..##
######.##.....##........####
######...##.#⌠.!♣!.⌠#.#..###.....
.......#.##b##!....##.#..# #.....
######...##.W##...##.....# #.####
##.####b.##⌠##...##.# #.##..
#.....#.5###.......# #.##.#
#####.....@..#...### #.##.#
#.#..(####...# #.....
#######.##### #..[# ####.#
#####.......# #...# #.#
............########.<.########.#
....#.......##...............##.#
>................................
....#........#..)..............#.
.........(.)))..####...#####..##.
#####........##.# #...####..##..
#...#.#.#.##.# #...##...##..#


You could see Loefaen's ghost, a shadow imp (summoned) and 2 bats.

Vanquished Creatures
  A steam dragon (D:4)
  3 scorpions (D:4)
  A hound (D:5)
  A bullfrog skeleton (D:5)
  4 gnolls (D:4)
  8 adders
  A howler monkey skeleton (D:4)
  3 dart slugs
  8 bats
  10 endoplasms
  2 giant cockroaches
  10 goblins
  5 hobgoblins
  2 jackals (D:2)
  7 kobolds
  4 quokkas
  7 ball pythons
  A frilled lizard (D:1)
  6 rats
84 creatures vanquished.

Vanquished Creatures (others)
  A giant cockroach (D:2)
  511 foxfires
512 creatures vanquished.

Grand Total: 596 creatures vanquished

Notes
Turn   | Place    | Note
-------+----------+-------------------------------------------
     0 | D:1      | FIQ the Djinni Fire Elementalist began the quest for the
                  | Orb.
     0 | D:1      | Reached XP level 1. HP: 15/15 MP: 0/0
   599 | D:1      | Reached XP level 2. HP: 19/21 MP: 0/0
   665 | D:1      | Reached skill level 3 in Spellcasting
   835 | D:1      | Found a faded altar of an unknown god.
   994 | D:1      | Reached XP level 3. HP: 15/25 MP: 0/0
   994 | D:1      | Learned a level 1 spell: Apportation
  2262 | D:2      | Reached XP level 4. HP: 27/31 MP: 0/0
  2933 | D:2      | Reached skill level 4 in Spellcasting
  3370 | D:2      | Found a shadowy altar of Dithmenos.
  3382 | D:2      | Reached XP level 5. HP: 34/35 MP: 0/0
  3382 | D:2      | Learned a level 2 spell: Passwall
  4625 | D:4      | Reached XP level 6. HP: 19/40 MP: 0/0
  4857 | D:4      | Reached skill level 5 in Spellcasting
  4989 | D:4      | Found a staircase to the Ecumenical Temple.
  4995 | Temple   | Entered the Ecumenical Temple
  5046 | Temple   | Became a worshipper of Ru the Awakened
  5057 | D:4      | Noticed a steam dragon
  5064 | D:4      | Killed a steam dragon
  5065 | D:4      | Reached XP level 7. HP: 37/45 MP: 0/0
  5065 | D:4      | Learned a level 3 spell: Portal Projectile
  5318 | D:4      | Found a runed translucent door.
  5318 | D:4      | Noticed Loefaen's ghost (amateur TeSu)
  5325 | D:4      | You are sucked into a shaft and drop 1 floor!
  5325 | D:5      | Entered Level 5 of the Dungeon
  5332 | D:5      | Found a sparkling altar of Nemelex Xobeh.
  5606 | D:4      | Reached skill level 6 in Spellcasting
  6006 | D:4      | Killed from afar by a shadow imp

Illustrated notes

Levels and vault maps discovered:
D:1:      onia_arrival_handbag, layout_loops_ring,
          hellmonk_ecumenical_altar_blasted
D:2:      layout_basic, basic_altar, lemuel_old_faithful
D:3:      layout_basic, minmay_shallow_snake_nest
D:4:      layout_loops_cross, general_overflow_altar, minmay_temple_entry_waves,
          hellmonk_ghost_happy_afterlife, due_unseen_surprise
D:5:      layout_cave_pods, lemuel_doored_altar, fedhas_altar_3,
          gammafunk_ghost_smash, minmay_misc_feat_more_columns
Temple:   cyrus_circular_temple

Skill      XL: |  1  2  3  4  5  6  7 |
---------------+----------------------+-----
Spellcasting   | 3 4 5 6 |  6.3
Dodging        | |  2.1
Stealth        | |  1.5

Action                   |  1- 3 |  4- 6 |  7- 9 || total
-------------------------+-------+-------+-------++-------
Melee: Unarmed           |     1 |       |       ||     1
       Mace              |       |     1 |     3 ||     4
 Cast: Foxfire           |   111 |   164 |    53 ||   328
       Inner Flame       |       |     1 |     1 ||     2
       Fireball          |       |       |     1 ||     1
       Sticky Flame      |       |       |     1 ||     1
       Passwall          |       |       |     1 ||     1
       Portal Projectile |       |       |     1 ||     1
  Use: Scroll            |       |     7 |       ||     7
Armor: Robe              |       |       |     2 ||     2
Dodge: Dodged            |     8 |     5 |     7 ||    20

Table legend: (Time is in decaauts)
 A = Elapsed time spent in this place.
 B = Non-inter-level travel time spent in this place.
 C = Inter-level travel time spent in this place.
 D = Time resting spent in this place.
 E = Time spent auto-exploring this place.
 F = Levels seen in this place.
 G = Mean time per level.
                   A        B        C        D        E       F      G
               +--------+--------+--------+--------+--------+-----+--------+
         Total |   6006 |   5855 |    151 |      0 |   5186 |   6 | 1001.0 |
       Dungeon |   5946 |   5811 |    135 |      0 |   5152 |   5 | 1189.2 |
        Temple |     60 |     44 |     16 |      0 |     34 |   1 |   60.0 |
               +--------+--------+--------+--------+--------+-----+--------+

Top non-repeatable levels by time:
     D:1: 2247 daAuts
     D:2: 1415 daAuts
     D:4: 1360 daAuts
     D:3: 806 daAuts
     D:5: 115 daAuts
  Temple: 60 daAuts
